General information
- name: BNet
- type: Ladder team game (AT/RT)
- host: Battle.net
- saver: DOCTORMARTIN
map: Deadlands
- players: 8
- length: 40:25
- speed: Fast
- version: 1.26 W3XP
- replay type: Public
» download(246 KB)
Players
team 1 (loser)
SAFAOEURW-0A3RU (
orange | 39 APM | 1232 actions | 31:31)
6 Death Knight
3 Death Coil
2 Unholy Aura
1 Animate Dead
1 Blademaster
1 Wind Walk
1 Lich
1 Frost Nova
» actions
| Basic commands | 19 | |
| Build / train | 80 | |
| Enter build submenu | 36 | |
| Enter hero's abilities submenu | 8 | |
| Give item / drop item | 2 | |
| Right click | 510 | |
| Select / deselect | 520 | |
| Use ability | 57 | |
1232 total
» units
| Acolyte | 10 | |
| Ghoul | 3 | |
| Peon | 5 | |
| Grunt | 7 | |
| Wind Rider | 1 | |
| Frost Wyrm | 11 | |
| Crypt Fiend | 3 | |
40 total
» upgrades
| Creature Attack | 3 | |
| Ranged Weapons | 1 | |
| Creature Carapace | 3 | |
| Armor | 1 | |
| Ghoul Frenzy | 1 | |
| Freezing Breath | 1 | |
| Web | 1 | |
| Stone Form | 1 | |
12 total
» buildings
| Crypt | 2 | |
| Ziggurat | 12 | |
| Altar of Darkness | 1 | |
| Nerubian Tower | 1 | |
| Tomb of Relics | 1 | |
| Graveyard | 1 | |
| War Mill | 1 | |
| Halls of the Dead | 1 | |
| Orc Burrow | 4 | |
| Spirit Tower | 6 | |
| Stronghold | 1 | |
| Black Citadel | 1 | |
| Sacrificial Pit | 1 | |
| Beastiary | 2 | |
| Boneyard | 4 | |
| Necropolis | 1 | |
40 total
» build order
00:10 Crypt
00:14 Ziggurat
00:35 Altar of Darkness
01:08 Nerubian Tower
01:18 Tomb of Relics
02:02 Graveyard
02:31 War Mill
02:44 Ziggurat
02:50 Halls of the Dead
03:01 Orc Burrow
03:59 Spirit Tower
04:03 Ziggurat
04:32 Ziggurat
05:08 Stronghold
05:14 Black Citadel
05:20 Sacrificial Pit
05:36 Orc Burrow
05:39 Orc Burrow
07:12 Spirit Tower
07:31 Beastiary
07:36 Beastiary
07:54 Boneyard
07:58 Boneyard
08:51 Orc Burrow
09:25 Ziggurat
10:01 Ziggurat
10:03 Ziggurat
10:27 Spirit Tower
10:57 Spirit Tower
16:03 Crypt
17:46 Ziggurat
19:06 Spirit Tower
22:52 Ziggurat
23:45 Spirit Tower
23:57 Ziggurat
25:38 Necropolis
26:30 Ziggurat
26:32 Ziggurat
29:31 Boneyard
29:57 Boneyard
» items
| Dust of Appearance | 1 | |
| Orb of Corruption | 2 | |
| Potion of Healing | 2 | |
| Scroll of Town Portal | 1 | |
| Boots of Speed | 2 | |
8 total
2j94h5hu5892588 (
yellow | 100 APM | 4044 actions | 40:21)
6 Archmage
3 Summon Water Elemental
2 Brilliance Aura
1 Mass Teleport
1 Death Knight
1 Unholy Aura
1 Lich
1 Frost Armor
» actions
| Assign group hotkey | 110 | |
| Basic commands | 160 | |
| Build / train | 269 | |
| ESC pressed | 18 | |
| Enter build submenu | 65 | |
| Enter hero's abilities submenu | 8 | |
| Give item / drop item | 2 | |
| Remove unit from queue | 3 | |
| Right click | 1684 | |
| Select / deselect | 496 | |
| Select group hotkey | 970 | |
| Use ability | 259 | |
4044 total
» units
| Peasant | 16 | |
| Footman | 9 | |
| Mortar Team | 7 | |
| Sorceress | 2 | |
| Siege Engine | 5 | |
| Goblin Zeppelin | 2 | |
| Goblin Shredder | 1 | |
| Knight | 1 | |
| Spell Breaker | 1 | |
44 total
» upgrades
| Defend | 1 | |
| Masonry | 3 | |
| Swords | 0 | |
| Gunpowder | 3 | |
| Sorceress Training | 1 | |
| Armor | 3 | |
| Fragmentation Shards | 1 | |
| Plating | 3 | |
| Barrage | 1 | |
| Flak Cannons | 1 | |
| Magic Sentry | 2 | |
19 total
» buildings
| Altar of Kings | 1 | |
| Barracks | 1 | |
| Farm | 9 | |
| Arcane Vault | 1 | |
| Lumber Mill | 1 | |
| Keep | 2 | |
| Scout Tower | 40 | |
| Blacksmith | 1 | |
| Guard Tower | 116 | |
| Castle | 3 | |
| Workshop | 2 | |
| Arcane Sanctum | 1 | |
| Town Hall | 2 | |
| Arcane Tower | 12 | |
192 total
» build order
00:37 Altar of Kings
00:39 Barracks
00:50 Farm
01:05 Farm
01:39 Farm
02:04 Arcane Vault
02:20 Farm
03:32 Lumber Mill
05:08 Keep
06:44 Scout Tower
06:45 Scout Tower
07:20 Blacksmith
07:22 Scout Tower
07:24 Scout Tower
07:35 Guard Tower
07:41 Guard Tower
07:41 Guard Tower
07:41 Guard Tower
07:41 Guard Tower
07:43 Guard Tower
07:43 Guard Tower
07:47 Guard Tower
07:47 Guard Tower
08:04 Guard Tower
08:04 Guard Tower
08:05 Guard Tower
08:09 Castle
08:09 Castle
08:16 Guard Tower
09:56 Workshop
09:59 Workshop
10:01 Arcane Sanctum
10:07 Guard Tower
10:07 Guard Tower
10:27 Guard Tower
10:27 Guard Tower
10:28 Guard Tower
11:13 Farm
11:14 Farm
11:14 Farm
13:44 Scout Tower
13:45 Scout Tower
13:46 Scout Tower
13:49 Scout Tower
13:54 Scout Tower
13:56 Scout Tower
13:57 Scout Tower
13:57 Scout Tower
13:58 Scout Tower
14:20 Guard Tower
14:21 Guard Tower
14:21 Guard Tower
14:21 Guard Tower
14:37 Guard Tower
14:37 Guard Tower
14:38 Guard Tower
14:57 Guard Tower
14:57 Guard Tower
14:57 Guard Tower
14:58 Guard Tower
14:58 Guard Tower
14:58 Guard Tower
14:58 Guard Tower
15:42 Guard Tower
15:42 Guard Tower
16:25 Guard Tower
16:25 Guard Tower
16:25 Guard Tower
17:47 Scout Tower
17:48 Scout Tower
17:50 Scout Tower
18:36 Town Hall
18:38 Scout Tower
18:38 Scout Tower
18:39 Scout Tower
18:40 Scout Tower
18:49 Guard Tower
18:49 Guard Tower
18:49 Guard Tower
18:55 Guard Tower
18:56 Guard Tower
18:56 Guard Tower
19:01 Guard Tower
19:01 Guard Tower
19:01 Guard Tower
19:02 Guard Tower
19:02 Guard Tower
19:02 Guard Tower
19:03 Guard Tower
19:03 Guard Tower
19:03 Guard Tower
19:15 Farm
19:16 Farm
19:19 Guard Tower
19:53 Guard Tower
24:41 Scout Tower
24:42 Scout Tower
24:42 Scout Tower
24:43 Scout Tower
24:45 Scout Tower
25:12 Guard Tower
25:13 Guard Tower
25:17 Guard Tower
25:17 Guard Tower
25:17 Guard Tower
26:37 Scout Tower
26:38 Scout Tower
26:39 Scout Tower
26:45 Scout Tower
26:51 Scout Tower
26:55 Scout Tower
27:07 Guard Tower
27:07 Guard Tower
27:07 Guard Tower
27:15 Guard Tower
27:16 Guard Tower
27:16 Guard Tower
27:19 Guard Tower
27:19 Guard Tower
27:19 Guard Tower
27:36 Guard Tower
27:37 Guard Tower
27:37 Guard Tower
27:43 Guard Tower
27:43 Guard Tower
27:54 Guard Tower
27:54 Guard Tower
28:21 Scout Tower
28:39 Scout Tower
28:49 Scout Tower
28:58 Scout Tower
29:10 Arcane Tower
29:11 Arcane Tower
29:13 Arcane Tower
29:13 Arcane Tower
29:25 Scout Tower
29:27 Guard Tower
29:27 Guard Tower
29:28 Guard Tower
29:28 Guard Tower
29:28 Guard Tower
29:28 Guard Tower
29:31 Scout Tower
30:00 Scout Tower
30:24 Arcane Tower
30:24 Arcane Tower
30:28 Scout Tower
30:35 Guard Tower
30:35 Guard Tower
30:36 Guard Tower
32:08 Arcane Tower
32:08 Arcane Tower
33:40 Scout Tower
39:53 Town Hall
» items
| Mechanical Critter | 6 | |
| Scroll of Regeneration | 2 | |
| Lesser Clarity Potion | 1 | |
| Ivory Tower | 11 | |
| Potion of Healing | 5 | |
| Scroll of Town Portal | 1 | |
| Potion of Lesser Invulnerability | 1 | |
| Periapt of Vitality | 1 | |
| Staff of Sanctuary | 1 | |
29 total
RobocopIsTheLaw (
blue | 61 APM | 2455 actions | 40:22)
7 Blademaster
3 Wind Walk
3 Critical Strike
1 Bladestorm
» actions
| Assign group hotkey | 65 | |
| Basic commands | 98 | |
| Build / train | 72 | |
| Enter build submenu | 46 | |
| Enter hero's abilities submenu | 7 | |
| Give item / drop item | 7 | |
| Remove unit from queue | 1 | |
| Right click | 1166 | |
| Select / deselect | 321 | |
| Select group hotkey | 440 | |
| Use ability | 232 | |
2455 total
» units
| Peon | 8 | |
| Grunt | 4 | |
| Goblin Shredder | 2 | |
| Troll Batrider | 8 | |
| Wind Rider | 3 | |
| Goblin Sapper | 6 | |
31 total
» upgrades
| Berserker Strength | 1 | |
| Ranged Weapons | 3 | |
| Armor | 3 | |
| Troll Regeneration | 1 | |
| Reinforced Defenses | 1 | |
| Liquid Fire | 1 | |
10 total
» buildings
| Orc Burrow | 6 | |
| Altar of Storms | 1 | |
| Barracks | 1 | |
| Voodoo Lounge | 1 | |
| Stronghold | 1 | |
| War Mill | 1 | |
| Great Hall | 4 | |
| Beastiary | 4 | |
| Fortress | 1 | |
| Watch Tower | 26 | |
46 total
» build order
00:11 Orc Burrow
00:52 Altar of Storms
00:54 Barracks
01:06 Orc Burrow
02:36 Voodoo Lounge
02:53 Stronghold
05:20 War Mill
05:46 Great Hall
06:44 Beastiary
06:44 Beastiary
06:45 Beastiary
07:33 Orc Burrow
07:37 Orc Burrow
10:02 Fortress
12:13 Great Hall
12:18 Watch Tower
12:18 Watch Tower
12:18 Watch Tower
12:19 Watch Tower
12:22 Watch Tower
12:22 Watch Tower
12:25 Watch Tower
12:26 Watch Tower
12:26 Watch Tower
14:24 Watch Tower
14:26 Watch Tower
14:30 Watch Tower
14:33 Watch Tower
15:05 Beastiary
23:31 Orc Burrow
23:32 Orc Burrow
25:23 Great Hall
25:26 Watch Tower
25:26 Watch Tower
25:55 Great Hall
25:59 Watch Tower
25:59 Watch Tower
25:59 Watch Tower
26:00 Watch Tower
26:09 Watch Tower
26:09 Watch Tower
26:11 Watch Tower
» items
| Healing Salve | 6 | |
| Lesser Clarity Potion | 2 | |
| Scroll of Town Portal | 4 | |
| Mechanical Critter | 2 | |
| Orb of Lightning | 1 | |
| Potion of Healing | 1 | |
| Potion of Mana | 2 | |
| Dust of Appearance | 1 | |
19 total
2064265555 (
pink | 19 APM | 41 actions | 02:07)
» actions
| Build / train | 6 | |
| Enter build submenu | 3 | |
| Right click | 15 | |
| Select / deselect | 14 | |
| Use ability | 3 | |
41 total
» units
» buildings
| Barracks | 1 | |
| Orc Burrow | 1 | |
| Altar of Storms | 1 | |
3 total
» build order
00:12 Barracks
00:20 Orc Burrow
00:32 Altar of Storms
team 2 (winner)

»
2Good2FindGames (
teal | 117 APM | 2373 actions | 20:21)
2 Warden
1 Shadow Strike
1 Blink
2 Keeper of the Grove
1 Entangling Roots
1 Thorns Aura
» actions
| Assign group hotkey | 46 | |
| Basic commands | 2 | |
| Build / train | 56 | |
| Enter build submenu | 19 | |
| Enter hero's abilities submenu | 4 | |
| Remove unit from queue | 2 | |
| Right click | 1323 | |
| Select / deselect | 239 | |
| Select group hotkey | 621 | |
| Use ability | 61 | |
2373 total
» units
| Wisp | 17 | |
| Archer | 5 | |
| Huntress | 2 | |
| Dryad | 3 | |
| Hippogryph | 4 | |
| Druid of the Claw | 1 | |
32 total
» upgrades
| Abolish Magic | 1 | |
| Strength of the Wild | 2 | |
| Druid of the Claw Training | 2 | |
5 total
» buildings
| Altar of Elders | 1 | |
| Moon Well | 5 | |
| Ancient of War | 1 | |
| Ancient of Wonders | 1 | |
| Tree of Ages | 1 | |
| Hunter's Hall | 1 | |
| Ancient Protector | 4 | |
| Ancient of Lore | 2 | |
| Tree of Eternity | 1 | |
| Ancient of Wind | 2 | |
19 total
» build order
00:08 Altar of Elders
00:13 Moon Well
00:21 Ancient of War
01:39 Moon Well
01:53 Ancient of Wonders
02:29 Moon Well
03:40 Tree of Ages
03:47 Hunter's Hall
03:56 Moon Well
05:11 Ancient Protector
06:32 Ancient Protector
08:03 Ancient of Lore
08:05 Ancient of Lore
08:34 Tree of Eternity
09:53 Ancient of Wind
11:23 Moon Well
13:06 Ancient Protector
13:09 Ancient Protector
18:42 Ancient of Wind
» items
| Scroll of Town Portal | 4 | |
| Staff of Preservation | 1 | |
| Dust of Appearance | 1 | |
| Potion of Healing | 1 | |
| Orb of Venom | 1 | |
| Orb of Lightning | 1 | |
9 total
DOCTORMARTIN (
purple | 56 APM | 2270 actions | 40:25)
5 Blademaster
3 Wind Walk
2 Critical Strike
» actions
| Assign group hotkey | 82 | |
| Basic commands | 127 | |
| Build / train | 84 | |
| Enter build submenu | 21 | |
| Enter hero's abilities submenu | 5 | |
| Give item / drop item | 18 | |
| Right click | 794 | |
| Select / deselect | 238 | |
| Select group hotkey | 793 | |
| Use ability | 108 | |
2270 total
» units
| Peon | 16 | |
| Grunt | 4 | |
| Goblin Shredder | 4 | |
| Wind Rider | 6 | |
| Goblin Sapper | 7 | |
| Troll Batrider | 4 | |
41 total
» upgrades
| Ranged Weapons | 2 | |
| Armor | 2 | |
| Reinforced Defenses | 1 | |
| Envenomed Spears | 1 | |
6 total
» buildings
| Altar of Storms | 1 | |
| Orc Burrow | 8 | |
| Barracks | 1 | |
| Voodoo Lounge | 1 | |
| Stronghold | 1 | |
| War Mill | 1 | |
| Great Hall | 2 | |
| Beastiary | 3 | |
| Fortress | 3 | |
| Watch Tower | 18 | |
39 total
» build order
00:07 Altar of Storms
00:20 Orc Burrow
00:39 Barracks
01:22 Voodoo Lounge
01:37 Orc Burrow
02:55 Stronghold
04:51 War Mill
04:54 Orc Burrow
05:31 Great Hall
05:36 Orc Burrow
06:04 Beastiary
06:47 Beastiary
07:45 Fortress
07:45 Fortress
08:20 Beastiary
08:40 Watch Tower
09:56 Great Hall
10:03 Orc Burrow
10:04 Orc Burrow
10:52 Watch Tower
10:53 Watch Tower
10:53 Watch Tower
10:54 Watch Tower
10:55 Watch Tower
11:54 Orc Burrow
11:55 Orc Burrow
14:15 Watch Tower
14:16 Watch Tower
14:16 Watch Tower
14:17 Watch Tower
15:06 Watch Tower
15:06 Watch Tower
15:07 Watch Tower
15:08 Watch Tower
15:09 Watch Tower
21:48 Watch Tower
21:48 Watch Tower
» items
| Healing Salve | 3 | |
| Orb of Lightning | 1 | |
| Scroll of Healing | 1 | |
| Staff of Teleportation | 3 | |
| Potion of Lesser Invulnerability | 3 | |
| Potion of Healing | 6 | |
| Scroll of Town Portal | 3 | |
| Boots of Speed | 1 | |
21 total

»
JohnWall (
red | 56 APM | 2260 actions | 40:22)
5 Blademaster
3 Wind Walk
2 Critical Strike
3 Shadow Hunter
2 Hex
1 Healing Wave
» actions
| Assign group hotkey | 22 | |
| Basic commands | 54 | |
| Build / train | 54 | |
| Enter build submenu | 18 | |
| Enter hero's abilities submenu | 8 | |
| Give item / drop item | 3 | |
| Right click | 1428 | |
| Select / deselect | 277 | |
| Select group hotkey | 253 | |
| Use ability | 143 | |
2260 total
» units
| Peon | 14 | |
| Troll Headhunter/Berserker | 1 | |
| Wind Rider | 12 | |
| Draenei Darkslayer | 1 | |
| Troll Batrider | 1 | |
29 total
» upgrades
| Ranged Weapons | 2 | |
| Envenomed Spears | 1 | |
| Armor | 2 | |
| Reinforced Defenses | 1 | |
6 total
» buildings
| Altar of Storms | 1 | |
| Orc Burrow | 7 | |
| Stronghold | 1 | |
| War Mill | 1 | |
| Barracks | 1 | |
| Fortress | 1 | |
| Beastiary | 3 | |
| Voodoo Lounge | 1 | |
| Watch Tower | 4 | |
20 total
» build order
00:21 Altar of Storms
00:25 Orc Burrow
01:47 Orc Burrow
02:35 Stronghold
02:38 War Mill
02:40 Barracks
03:09 Orc Burrow
04:58 Fortress
05:00 Beastiary
05:10 Beastiary
05:41 Orc Burrow
05:48 Voodoo Lounge
08:48 Orc Burrow
10:26 Orc Burrow
10:34 Watch Tower
10:36 Watch Tower
10:39 Watch Tower
10:52 Watch Tower
12:42 Orc Burrow
19:39 Beastiary
» items
| Orb of Lightning | 1 | |
| Tiny Great Hall | 2 | |
| Potion of Healing | 1 | |
| Boots of Speed | 1 | |
| Potion of Lesser Invulnerability | 2 | |
7 total

»
BradleyBeal (
green | 21 APM | 841 actions | 40:22)
5 Demon Hunter
3 Mana Burn
2 Evasion
» actions
| Basic commands | 41 | |
| Build / train | 55 | |
| ESC pressed | 6 | |
| Enter build submenu | 33 | |
| Enter hero's abilities submenu | 5 | |
| Give item / drop item | 2 | |
| Right click | 272 | |
| Select / deselect | 379 | |
| Use ability | 48 | |
841 total
» units
| Wisp | 19 | |
| Archer | 2 | |
| Huntress | 8 | |
| Dryad | 10 | |
| Glaive Thrower | 3 | |
42 total
» upgrades
| Strength of the Wild | 2 | |
| Reinforced Hides | 2 | |
| Abolish Magic | 1 | |
| Druid of the Claw Training | 1 | |
6 total
» buildings
| Altar of Elders | 1 | |
| Moon Well | 7 | |
| Ancient of War | 2 | |
| Hunter's Hall | 1 | |
| Tree of Ages | 1 | |
| Ancient of Lore | 3 | |
| Ancient Protector | 7 | |
| Tree of Life | 3 | |
25 total
» build order
00:25 Altar of Elders
00:49 Moon Well
01:08 Ancient of War
01:42 Moon Well
02:39 Hunter's Hall
03:07 Ancient of War
03:14 Moon Well
03:50 Moon Well
04:03 Moon Well
04:32 Moon Well
05:35 Tree of Ages
07:58 Ancient of Lore
08:03 Ancient of Lore
10:43 Ancient Protector
10:45 Ancient Protector
10:51 Ancient Protector
11:00 Ancient Protector
11:33 Ancient Protector
11:35 Ancient Protector
12:05 Ancient of Lore
12:30 Ancient Protector
13:06 Tree of Life
14:03 Moon Well
17:05 Tree of Life
17:45 Tree of Life
Chat log
(00:13 / All) JohnWall: #wiznation
(00:22 / All) BradleyBeal: best backcourt in the league
(00:35 / All) DOCTORMARTIN: basketball is a nigger sport
(00:37 / All) RobocopIsTheLaw: Rubio da bseet
(00:45 / All) 2Good2FindGames: so this is what wall and beal do after there game 3 win
(00:47 / All) 2064265555: Best? Fuck naw!
(00:51 / Allies) 2Good2FindGames: they grind war 3
(00:55 / All) BradleyBeal: yessirr
(01:10 / Allies) JohnWall: after that paul banker
(01:15 / Allies) JohnWall: :D
(01:17 / Allies) BradleyBeal: CALLED GAME
(01:28 / Allies) BradleyBeal: not bank
(01:28 / All) RobocopIsTheLaw: greatest all time Larry Bird, followed by John Stockton
(01:36 / All) BradleyBeal: white players
(01:39 / All) JohnWall: trash
(01:41 / All) JohnWall: soft
(01:50 / All) 2064265555: George Mikan way better than those 2
(01:51 / All) RobocopIsTheLaw: John Stockton and Larry Bird soft ? LOL
(01:53 / All) RobocopIsTheLaw: newbie
(01:54 / All) BradleyBeal: john stockton would be luke ridnour in todays game
(01:57 / All) JohnWall: very soft
(01:59 / All) JohnWall: true
(02:04 / All) 2064265555: green 2 stupid gg
(02:07 / All) RobocopIsTheLaw: 80s and 90s were way harder than now idiot
(02:20 / All) JohnWall: hell no
(02:24 / All) RobocopIsTheLaw: Yes so retard
(02:28 / All) BradleyBeal: nope
(02:29 / All) BradleyBeal: negative
(02:30 / All) RobocopIsTheLaw: Ask anyone teen newbie
(02:33 / All) JohnWall: begative
(02:45 / All) RobocopIsTheLaw: They call fouls for ticky tack anything
(02:58 / All) RobocopIsTheLaw: That started with MJ in 90s
(03:07 / All) RobocopIsTheLaw: 80s was way more physical
(03:08 / All) 2Good2FindGames: lma
(03:16 / All) 2j94h5hu5892588: tp level 1 hero lol
(03:24 / All) 2j94h5hu5892588: thanks for the trade in my favour
(03:33 / All) 2Good2FindGames: yep so i can come back and kill your hero again
(03:37 / All) 2Good2FindGames: bc u have no micro
(03:42 / All) 2j94h5hu5892588: I surrounded you
(04:37 / All) 2j94h5hu5892588: that's right
(04:38 / All) 2j94h5hu5892588: get the fuck out
(04:47 / All) RobocopIsTheLaw: red you are a mher
(05:44 / Allies) DOCTORMARTIN: i got wyverns bats
(05:50 / Allies) JohnWall: sa,e
(05:52 / Allies) BradleyBeal: dryads/bears
(06:04 / Allies) JohnWall: sa,
(06:05 / Allies) JohnWall: same
(06:51 / All) RobocopIsTheLaw: nice mh bro
(07:10 / All) RobocopIsTheLaw: hi scum green winning on mhers back
(08:04 / Allies) JohnWall: creep
(09:28 / All) 2Good2FindGames: might want to help human
(09:31 / All) 2Good2FindGames: hes struggling over here
(09:44 / All) 2j94h5hu5892588: I thought blue was going to help me
(09:44 / Allies) JohnWall: get main
(09:46 / All) 2j94h5hu5892588: but he was busy creeping
(10:21 / Allies) JohnWall: then altar
(10:31 / Allies) JohnWall: tower up
(10:40 / Allies) JohnWall: bats
(11:02 / Allies) JohnWall: boys
(11:30 / Allies) JohnWall: ake
(11:32 / Allies) JohnWall: take
(12:22 / Allies) JohnWall: expand
(13:01 / Allies) JohnWall: come
(13:34 / All) JohnWall: good attack
(15:56 / Allies) JohnWall: he mh
(15:59 / All) JohnWall: ie mh
(16:02 / All) JohnWall: nice mh
(16:12 / Allies) JohnWall: wisps
(16:13 / All) RobocopIsTheLaw: thanks mher
(16:13 / Allies) JohnWall: tower
(16:19 / Allies) BradleyBeal: wtf purp
(16:21 / Allies) JohnWall: wtf
(16:26 / All) RobocopIsTheLaw: pinging before I was even in view lol!
(16:40 / Allies) BradleyBeal: lol purp
(16:43 / Allies) JohnWall: lol
(16:44 / Allies) JohnWall: let him
(16:45 / Allies) JohnWall: its cool
(17:03 / Allies) 2Good2FindGames: just fucking around
(17:06 / Allies) 2Good2FindGames: can i get lumber
(17:20 / Allies) 2Good2FindGames: lumber plz
(17:24 / All) JohnWall: k blue
(17:26 / All) JohnWall: we goanna let u win
(17:32 / Allies) 2Good2FindGames: wtf
(17:33 / All) JohnWall: puirp goign down
(17:36 / All) RobocopIsTheLaw: take your loss like a man
(17:39 / Allies) JohnWall: purp bsing
(17:41 / All) RobocopIsTheLaw: in silecne
(17:41 / All) DOCTORMARTIN: basketball is for niggers
(17:43 / All) DOCTORMARTIN: its rigged
(17:45 / All) DOCTORMARTIN: thats why im tking
(17:48 / All) 2Good2FindGames: gg
(17:50 / Allies) JohnWall: and u jack off
(17:52 / All) 2Good2FindGames: myu ally kill me
(17:53 / All) 2j94h5hu5892588: out
(17:57 / All) BradleyBeal: purp got his ass kicked by black kids in HS. now he takes his revenge in wc3
(17:58 / All) 2Good2FindGames: sry was almost good gam
(17:58 / All) DOCTORMARTIN: u get tked if u like basketball
(17:59 / All) BradleyBeal: nice life bro
(18:01 / All) 2Good2FindGames: gane
(18:02 / All) DOCTORMARTIN: a faggot nigger rigged sport
(18:04 / All) JohnWall: rofl
(18:05 / All) JohnWall: so mnad
(18:08 / All) JohnWall: soo mad
(18:26 / All) JohnWall: all rape purp
(18:37 / All) JohnWall: noob blue
(18:41 / All) JohnWall: attack purp
(18:44 / All) JohnWall: im bsing for u
(19:38 / All) DOCTORMARTIN: why even watch basketball really the miami heat proved its a rigged sport
(19:58 / All) RobocopIsTheLaw: 2002 NBA finals + first time dallas vs miami
(20:25 / All) DOCTORMARTIN: die nigger
(20:31 / All) JohnWall: so mad rofl
(20:36 / All) BradleyBeal: lame kids
(20:41 / All) 2j94h5hu5892588: 6-6 now red
(20:41 / All) DOCTORMARTIN: nigger sport lover
(20:47 / All) RobocopIsTheLaw: green mher lel
(20:53 / All) DOCTORMARTIN: u guys deserved to get tked if u like that piece of shit sport
(20:54 / All) JohnWall: mad geeks
(21:09 / All) BradleyBeal: purp def got his ass kicked by a black man
(21:13 / All) DOCTORMARTIN: and i know red green and/or teal all maphack
(21:13 / All) JohnWall: for usre
(21:14 / All) BradleyBeal: but keep taking your revenge online
(21:18 / All) JohnWall: that black cock probably raped him
(21:23 / All) BradleyBeal: straight up that ass
(21:24 / All) DOCTORMARTIN: u can leave red and green u nigger hackers
(21:30 / All) BradleyBeal: afk TIME
(21:32 / All) JohnWall: anal raped by a black cock ?
(21:43 / All) JohnWall: 100%
(21:44 / All) BradleyBeal: he just mad his lil asian dick cant get girls
(21:49 / All) JohnWall: rofl
(21:54 / All) JohnWall: he jacks his own shit off
(22:05 / All) BradleyBeal: jerk off to lil anime girls
(22:13 / All) JohnWall: disgusting virgin
(22:18 / All) JohnWall: Needle dick
(22:19 / All) BradleyBeal: but thats ok
(22:22 / All) DOCTORMARTIN: oh yes, where ever lebron goes somehow his teams always get stacked with the best players in the league
(22:22 / All) JohnWall: would be a complement to u
(22:23 / All) RobocopIsTheLaw: Red stop talking to yourself
(22:23 / All) BradleyBeal: he got revenge on warcraft 3
(22:25 / All) 2j94h5hu5892588: I think red is the mad one here
(22:30 / All) RobocopIsTheLaw: We don't need to know about your self-hate
(22:33 / All) 2j94h5hu5892588: red seems pretty mad to me
(22:37 / All) BradleyBeal: afk time
(22:43 / All) JohnWall: that cock in ur mouth seems mad enuf
(22:49 / All) BradleyBeal: can i get a amen?
(22:54 / All) 2j94h5hu5892588: no
(23:12 / All) BradleyBeal: purp nice map haw
(23:13 / All) BradleyBeal: hack
(23:24 / All) BradleyBeal: blue as well
(23:24 / All) 2j94h5hu5892588: LOL
(23:26 / All) DOCTORMARTIN: oh yea red just leads me right into the towers
(23:33 / All) DOCTORMARTIN: and somehow i maphack
(23:47 / All) JohnWall: afk time
(23:52 / All) JohnWall: enjoy the black cock in ur ass
(23:57 / All) 2j94h5hu5892588: I think red is mad
(23:58 / All) DOCTORMARTIN: die nigger bm
(24:23 / All) JohnWall: gj purp
(24:26 / All) DOCTORMARTIN: so much for u going afk
(24:54 / All) JohnWall: rofl mh more
(25:05 / All) RobocopIsTheLaw: how'd you know?
(25:10 / All) JohnWall: i have detector
(25:13 / All) RobocopIsTheLaw: mh mayber?
(25:14 / All) RobocopIsTheLaw: LOL
(25:17 / All) DOCTORMARTIN: and maphack too
(25:30 / All) RobocopIsTheLaw: you're blatant mher
(25:37 / All) RobocopIsTheLaw: See
(25:41 / All) JohnWall: yep
(25:52 / All) RobocopIsTheLaw: and wind walk right when my bm gets there LOL
(26:07 / All) 2j94h5hu5892588: he goes straight to the ud base too
(26:08 / All) 2j94h5hu5892588: lol
(26:42 / All) DOCTORMARTIN: only 98 gold for the nigger lover
(26:44 / All) RobocopIsTheLaw: 6-5 with mh pathetic lol
(26:55 / All) RobocopIsTheLaw: Sux at war3 and doesn't know shit about the nigger sport he professes to love
(27:02 / All) DOCTORMARTIN: and green i know ur still here, u nigger hacker as well
(28:25 / All) DOCTORMARTIN: this game wsa so gay, my entire team literally hacked
(30:12 / All) DOCTORMARTIN: it seems i forgot boots u are a lucky nigger
(30:47 / All) 2j94h5hu5892588: plug pullah
(31:45 / All) 2j94h5hu5892588: lol
(32:53 / All) DOCTORMARTIN: dead
(33:43 / All) DOCTORMARTIN: alt qq noob lawl
(33:50 / All) 2j94h5hu5892588: owned
(33:53 / All) RobocopIsTheLaw: lol
(33:56 / All) RobocopIsTheLaw: he ran the other way
(34:00 / All) RobocopIsTheLaw: cuz I had him trapped
(34:04 / All) RobocopIsTheLaw: the otehr side
(34:12 / All) DOCTORMARTIN: what a seriously nigger team i have
(34:21 / All) RobocopIsTheLaw: yeah all 3 mhers
(34:29 / All) DOCTORMARTIN: anybody that names himself after a criminal thug in a rigged sport that maphacks needs to lose like this
(34:34 / All) DOCTORMARTIN: which is a humiliating loss
(34:46 / All) RobocopIsTheLaw: they were trash talking
(34:48 / All) RobocopIsTheLaw: had mh
(34:53 / All) RobocopIsTheLaw: then get enraged lol
(34:54 / All) 2j94h5hu5892588: we're facing higher ell players than usual
(34:54 / All) RobocopIsTheLaw: cuz tk
(35:12 / All) RobocopIsTheLaw: he started pinging his expo before I was even close enough for him to see me
(35:14 / All) DOCTORMARTIN: i wouldnt call red high ell lawl
(35:16 / All) RobocopIsTheLaw: with my bats
(35:20 / All) RobocopIsTheLaw: and went straight for my bats
(35:28 / All) RobocopIsTheLaw: REd sucks
(35:32 / All) RobocopIsTheLaw: He just had mh
(35:39 / All) RobocopIsTheLaw: and bm
(35:51 / All) RobocopIsTheLaw: Without mh he'd be 30% player
(35:54 / All) RobocopIsTheLaw: with it he's barely 50%
(35:57 / All) DOCTORMARTIN: like always im gonna rewatch replay and confirm green never went afk
(36:00 / All) DOCTORMARTIN: we all know he never did
(36:28 / All) 2j94h5hu5892588: Teal was decent
(36:32 / All) DOCTORMARTIN: im wondering if one of them will stoop so low as to use disc hack
(36:33 / All) 2j94h5hu5892588: I thought he was just a level 1 harassing noob
(36:39 / All) RobocopIsTheLaw: teal was mher too
(36:48 / All) 2j94h5hu5892588: so I underestimated him and wasn't really ready
(36:52 / All) RobocopIsTheLaw: he was gonna creep jack
(36:57 / All) RobocopIsTheLaw: then turned back
(37:01 / All) RobocopIsTheLaw: when we were waiting for him lol
(37:05 / All) 2j94h5hu5892588: He kept doing gay level 1 hero harass and skirmishes
(37:26 / All) RobocopIsTheLaw: death to noob elfs
(37:29 / All) 2j94h5hu5892588: he would've been better off getting to level 3 creeping, getting an expo then harassing
(37:30 / All) DOCTORMARTIN: finish my bot expo i want to see how long green and red will remain "afk"
(37:33 / All) 2j94h5hu5892588: he was playing like it was solo
(37:47 / All) DOCTORMARTIN: did green maphack w/o question?
(38:01 / All) RobocopIsTheLaw: orange said he did
(38:06 / All) RobocopIsTheLaw: said he played a dif game with him and he did
(38:21 / All) 2j94h5hu5892588: everyone fucking maphacks now
(38:31 / All) DOCTORMARTIN: i only got pissed when i saw orange heading for my base if he did we would have been fucked
(38:37 / All) 2j94h5hu5892588: all bob and I having maphack does is give us the same advantage everyone else has lol
(38:45 / All) 2j94h5hu5892588: this game had like 5 maphackers
(38:49 / All) 2j94h5hu5892588: that's 5/8 players in a 4v4 rt
(39:01 / All) RobocopIsTheLaw: I play better without mh because it keeps me on my toes
(39:09 / All) RobocopIsTheLaw: I don't even pay attention with mh
(39:16 / All) DOCTORMARTIN: i love the fog of war aspect
(39:19 / All) RobocopIsTheLaw: eady to sapper it?
(39:38 / All) DOCTORMARTIN: we should ask them for any last words since they are "afk"
(39:50 / All) RobocopIsTheLaw: Any last thoughts you wish to impart upon the masses?
(40:01 / All) RobocopIsTheLaw: Ye mush headed nignog worshipers?
(40:11 / All) DOCTORMARTIN: just end it, these clowns deserve this humiliation
(40:17 / All) RobocopIsTheLaw: GOOD GAME
(40:18 / All) RobocopIsTheLaw: LOL
(40:20 / All) RobocopIsTheLaw: scrubs